 Dungeon Crawl Stone Soup version 0.24-a0-618-ge4662a2 (webtiles) character file.

Game seed: 6381554530847518316, levelgen mode: deterministic

60 BoppinsLewinski the Chopper (level 3, -2/29 HPs)
             Began as a Demonspawn Monk on Sept 16, 2019.
             Slain by a kobold
             ... wielding a +0 short sword
              (4 damage)
             ... on level 2 of the Dungeon.
             The game lasted 00:04:06 (1381 turns).

BoppinsLewinski the Chopper (Demonspawn Monk)       Turns: 1381, Time: 00:04:06

Health: -2/29      AC:  4    Str: 12    XL:     3   Next: 80%
Magic:  3/3        EV: 13    Int:  9    God:
Gold:   49         SH:  0    Dex: 15    Spells: 2/2 levels left

rFire    + . .     SeeInvis .   a - +0 hand axe
rCold    . . .     Gourm    .   (no shield)
rNeg     . . .     Faith    .   b - +0 robe
rPois    .         Spirit   .   (no helmet)
rElec    .         Reflect  .   (no cloak)
rCorr    .         Harm     .   (no gloves)
MR       .....                  (no boots)
Stlth    ++........             (no amulet)
HPRegen  0.09/turn              (no ring)
MPRegen  0.08/turn              (no ring)

@: lethally poisoned (-2 -> -14), flying
A: yellow scales 1, dopey 1, fire resistance 1, MP-powered wands
a: no special abilities


You were on level 2 of the Dungeon.
You were hungry.

You visited 1 branch of the dungeon, and saw 2 of its levels.

You collected 49 gold pieces.

Inventory:

Hand Weapons
 a - a +0 hand axe (weapon)
Armour
 b - a +0 robe (worn)
 k - a +0 plate armour
Jewellery
 j - an uncursed amulet of regeneration {unknown}
Scrolls
 d - a scroll of fear {unknown}
 e - 2 scrolls of identify {unknown}
 g - 3 scrolls of immolation {unknown}
 h - a scroll of amnesia {unknown}
 i - a scroll of fog {unknown}
 m - a scroll of magic mapping {unknown}
Comestibles
 c - 2 rations


   Skills:
 - Level 3.0 Fighting
 * Level 4.3 Axes
 - Level 2.6 Dodging
 - Level 1.7 Stealth


You had 2 spell levels left.
You didn't know any spells.
Your spell library was empty.

Dungeon Overview and Level Annotations

Branches:
Dungeon (2/15)

Altars:
Uskayaw

Annotations:
D:2 Robin


Innate Abilities, Weirdness & Mutations

You are partially covered in yellow scales. (AC +2)
You are dopey. (Int -2)
Your flesh is heat resistant. (rF+)
You expend magic power (3 MP) to strengthen your wands.


Message History

A goblin comes inta view.
It be wieldin' a -1 club.
* * * LOW HITPOINT WARNIN'
* * * Ye feel sick.
Tha goblin shouts!
Tha adder misses ye.
Tha adder bites ye but does nay damage.
Tha kobold completely misses ye.
* * * LOW HITPOINT WARNIN'
* * * Ye feel sick.
Tha adder closely misses ye.
Tha kobold hits ye but does nay damage.
Unknown command.
A hobgoblin comes inta view.
It be wieldin' a +0 club.
A goblin comes inta view.
Tha adder bites ye.
* * * LOW HITPOINT WARNIN'
* * * Ye be more poison'd.
Tha adder poisons ye!
Tha kobold hits ye but does nay damage.
* * * LOW HITPOINT WARNIN'
* * * Ye feel sick.
Tha adder bites ye but does nay damage.
Tha kobold hits ye wit' a +0 short sword.
Ye die...

#.# # .. #.# #..
...# #.# #.
.....##.########
###
#............
....
####.########
##.. #S.# ....
#K## <..## #@#
.## #S# #b# #
#####l####
#...ggg..#
#....gg.....#
#.$..g...###.
##. #........#
... #.<......#
#.#


You could see 2 adders, 6 goblins, a bat, a kobold and a frilled lizard.

Vanquished Creatures
  An adder (D:2)
  4 dart slugs
  A leopard gecko (D:1)
  A ball python (D:1)
  6 bats
  A giant cockroach (D:1)
  2 goblins (D:1)
  7 hobgoblins
  3 jackals
  7 kobolds
  A quokka (D:1)
  5 frilled lizards
  A rat (D:1)
40 creatures vanquished.

Notes
Turn   | Place    | Note
-------+----------+-------------------------------------------
     0 | D:1      | BoppinsLewinski the Demonspawn Monk began the quest for the
                  | Orb.
     0 | D:1      | Reached XP level 1. HP: 18/18 MP: 1/1
    52 | D:1      | Reached skill level 3 in Axes
    83 | D:1      | Gained mutation: You are partially covered in yellow
                  | scales. (AC +2) [demonic ancestry]
    83 | D:1      | Reached XP level 2. HP: 24/24 MP: 2/2
   485 | D:1      | Reached XP level 3. HP: 29/29 MP: 3/3
   952 | D:1      | Reached skill level 4 in Axes
  1172 | D:2      | Found a hide-covered altar of Uskayaw.
  1368 | D:2      | Gained mutation: You are dopey. (Int -2) [potion of
                  | mutation]
  1368 | D:2      | Gained mutation: You expend magic power (3 MP) to
                  | strengthen your wands. [potion of mutation]
  1368 | D:2      | Gained mutation: Your flesh is heat resistant. (rF+)
                  | [potion of mutation]
  1370 | D:2      | Noticed Robin
  1381 | D:2      | Slain by a kobold

Levels and vault maps discovered:
D:1:      dpeg_arrival_another_circle, layout_basic, minmay_tripent
D:2:      layout_rooms, nicolae_overflow_crystal_walls, lemuel_doored_altar,
          minmay_misc_feat_enclosed, uniq_robin

Skill      XL: |  1  2  3 |
---------------+----------+-----
Axes           | 3 4 |  4.3
Fighting       | |  3.0
Dodging        | |  2.6
Stealth        | |  1.7

Action                   || total
-------------------------++-------
Melee: Hand axe          ||   136
  Use: Potion            ||     4
 Stab: Sleeping          ||     6
  Eat: Chunk             ||     1
Armor: Robe              ||    47
Dodge: Dodged            ||   121

Table legend:
 A = Non-vault XP
 B = Vault XP
 C = Vault XP percentage of total XP
 D = Non-vault monster count
 E = Vault monster count
 F = Vault count percentage of total count
                 A         B        C        D         E       F
            +---------+---------+-------+---------+---------+-------
      Total |      81 |       5 |   5.8 |      38 |       2 |   5.0
            +---------+---------+-------+---------+---------+-------
        D:1 |      50 |       5 |   9.1 |      29 |       2 |   6.5
        D:2 |      31 |       0 |   0.0 |       9 |       0 |   0.0
            +---------+---------+-------+---------+---------+-------
